 Dungeon Crawl Stone Soup version 0.27.1-34-g3ba077fa99 (webtiles) character file.

Game seed: 6148309298419883168

30 KamiKatze the Chopper (level 3, -4/46 HPs)
             Began as a Palentonga Berserker on Jan 14, 2022.
             Was a Follower of Trog.
             Succumbed to a kobold's poison
             ... on level 2 of the Dungeon.
             The game lasted 00:04:47 (1047 turns).

KamiKatze the Chopper (Palentonga Berserker)        Turns: 1047, Time: 00:04:47

Health: -4/46      AC:  4    Str: 21    XL:     3   Next: 3%
Magic:  3/3        EV:  9    Int:  7    God:    Trog [*.....]
Gold:   17         SH:  0    Dex:  9    Spells: 2/2 levels left

rFire    . . .     SeeInvis +   a - +0 hand axe
rCold    . . .     Faith    .   (no shield)
rNeg     . . .     Spirit   .   b - +0 animal skin
rPois    .         Reflect  .   (no helmet)
rElec    .         Harm     .   (no cloak)
rCorr    .         Rampage  .   (no gloves)
Will     .....                  (no barding)
Stlth    ..........             (no amulet)
HPRegen  0.15/turn              (no ring)
MPRegen  0.08/turn              (no ring)

@: berserking, lethally poisoned (-4 -> -30), very quick
A: large, rugged brown scales 3, see invisible, deformed body, roll 1, armoured
tail
a: Rolling Charge, Renounce Religion, Berserk


You were on level 2 of the Dungeon.
You worshipped Trog.
Trog was aware of your devotion.
You visited 1 branch of the dungeon, and saw 2 of its levels.

You collected 17 gold pieces.

Inventory:

Hand Weapons
 a - a +0 hand axe (weapon)
Missiles
 c - 43 stones (quivered)
Armour
 b - a +0 animal skin (worn)
Scrolls
 d - a scroll of brand weapon {unknown}
 e - a scroll of noise {unknown}
 f - a scroll of enchant armour {unknown}
 g - a scroll of identify {unknown}
 i - a scroll of enchant weapon {unknown}
Potions
 h - a potion of lignification {unknown}


   Skills:
 + Level 3.4 Fighting
 * Level 3.9 Axes
 - Level 1.5 Armour
 - Level 1.5 Dodging


You had 2 spell levels left.
You didn't know any spells.
Your spell library was empty.

Dungeon Overview and Level Annotations

Branches:
Dungeon (2/15)

Altars:
Hepliaklqana


Innate Abilities, Weirdness & Mutations

You are completely covered in rugged brown scales. (AC +3, +7% HP)
You have supernaturally acute eyesight. (SInv)
Armour fits poorly on your strangely shaped body.
You can roll at nearby foes to attack.
You have a long armoured tail.


Message History

There is a stone staircase leading up here.
Unknown command.
Roll where?
Press: ? - help, Dir - move target, f - kobold
Aim: a kobold, wielding a +2 short sword of venom (asleep)
You roll forward with a clatter of scales!
The kobold shouts!
You closely miss the kobold. The kobold closely misses you.
Unknown command.
You barely miss the kobold. The kobold barely misses you.
You closely miss the kobold. The kobold closely misses you.
You closely miss the kobold.
The kobold hits you with a +2 short sword of venom.
You are poisoned.
You hit the kobold but do no damage.
You feel sick. The kobold closely misses you.
You hit the kobold.
Your tail-slap misses the kobold.
The kobold is heavily wounded.
You feel sick. The kobold hits you but does no damage.
You are more poisoned.
The kobold hits you with a +2 short sword of venom.
* * * LOW HITPOINT WARNING * * *
You are more poisoned.
You closely miss the kobold.
Your tail-slap misses the kobold.
The kobold is heavily wounded.
* * * LOW HITPOINT WARNING * * *
You feel very sick.
The kobold hits you with a +2 short sword of venom.
* * * LOW HITPOINT WARNING * * *
You are more poisoned.
A red film seems to cover your vision as you go berserk!
You feel yourself moving faster!
You feel mighty!
* * * LOW HITPOINT WARNING * * *
You feel very sick. The kobold hits you but does no damage.
You are more poisoned.
You slash the kobold!
You kill the kobold!
Trog accepts your kill.
You die...

...# #.....# ...#
#.##### #### #.#
...# #.# ##.# #.#
# ...###.# .#
#......# # .#
#..#####
#.######.# ...#
## ## .#)@..<.#
##.#
#........######.#
##.# #.##.#.# .#
...# #.##.#.# .#
#### #.#.... # .#
#.#..# # .#
####.#†.#.#
.###.........#
..........##.#..#


There were no monsters in sight!

Vanquished Creatures
  An adder (D:2)
  A ball python (D:1)
  A bat (D:1)
  3 endoplasms
  A giant cockroach (D:1)
  3 goblins
  A hobgoblin (D:1)
  3 jackals (D:1)
  2 kobolds (D:2)
  3 rats
19 creatures vanquished.

Notes
Turn   | Place    | Note
-------+----------+-------------------------------------------
     0 | D:1      | KamiKatze the Palentonga Berserker began the quest for the
                  | Orb.
     0 | D:1      | Reached XP level 1. HP: 19/19 MP: 1/1
   257 | D:1      | Reached XP level 2. HP: 8/25 MP: 2/2
   679 | D:1      | Found a faded altar of an unknown god.
   878 | D:2      | Found a hazy altar of Hepliaklqana.
   900 | D:2      | Reached XP level 3. HP: 6/31 MP: 3/3
  1046 | D:2      | HP: 1/46 [poisoned by a kobold]
  1047 | D:2      | Succumbed to a kobold's poison

Illustrated notes

Levels and vault maps discovered:
D:1:      minmay_arrival_split_and_join, layout_basic,
          shapermc_ecumenical_altar_mp_vishouse, serial_rivers,
          chequers_serial_rivers_room_a, chequers_serial_rivers_room_b,
          chequers_serial_rivers_micro_c, chequers_serial_rivers_micro_d,
          chequers_serial_rivers_room_b, chequers_serial_rivers_small_b
D:2:      layout_loops_cross, basic_altar

Action                   || total
-------------------------++-------
Melee: Hand axe          ||    61
       Tailslap          ||     5
Throw: Stone             ||     3
Invok: Berserk           ||     2
 Abil: Rolling Charge    ||     2
 Stab: Sleeping          ||     1
Armor: Animal skin       ||    19
Dodge: Dodged            ||    29
